AoeStats
← Mr.Satan

Black Forest

510346135Analyzed
4v4 RM · 7h ago on Sep 30, 2026· 43m 0s· 8 players
Game mode
Random Map
Map size
Large (8 player)
Population
200
Speed
Normal
Resources
Standard
Victory
Conquest
Starting age
Dark Age
Ending age
Imperial Age
RankedLock teamsTeams togetherTeam positionsShared explorationLock speedFull tech treeHidden civsTurbo modeCheats
Victory
Defeat
🇪🇸 Goths · Spain
735
+12
🇸🇦 Turks · Saudi Arabia
727
+12
🇪🇸 Bohemians · Spain
690
+14
🇪🇸 Persians · Spain
639
+16
🇨🇦 Huns · Canada
736
-17
🇧🇷 Persians · Brazil
627
-13
🇮🇳 Romans · India
618
-13
🇮🇳 Teutons · India
573
-11
KOSOVAR
4:47 Loom
11:54 Feudal Age
12:57 Double-Bit Axe
21:46 Castle Age
20:00 Horse Collar
22:58 Caravan
26:14 Heavy Plow
26:29 Bow Saw
28:55 Fervor
29:12 Sanctity
31:11 Wheelbarrow
35:01 Imperial Age
33:44 Hand Cart
35:16 Chemistry
34:38 Ballistics
35:41 Wagenburg Tactics
37:02 Siege Engineers
37:28 Conscription
38:40 Two-Man Saw
39:33 Padded Archer Armor
39:59 Houfnice
Mr.Satan
5:42 Loom
13:17 Feudal Age
13:22 Man-at-Arms
13:48 Arson
15:52 Horse Collar
16:01 Double-Bit Axe
19:11 Wheelbarrow
20:13 Bloodlines
22:22 Gold Mining
22:24 Stone Mining
26:13 Castle Age
24:51 Forging
25:50 Scale Barding Armor
25:45 Scale Mail Armor
26:56 Bow Saw
26:50 Heavy Plow
26:33 Light Cavalry
26:47 Pikeman
27:26 Long Swordsman
27:52 Gambesons
29:51 Stone Shaft Mining
30:05 Gold Shaft Mining
30:57 Coinage
31:55 Squires
32:03 Husbandry
35:06 Chain Barding Armor
35:22 Iron Casting
35:02 Chain Mail Armor
39:05 Caravan
43:49 Imperial Age
41:38 Hand Cart
Pachecon RonRon
0:28 Loom
14:14 Feudal Age
15:57 Wheelbarrow
15:31 Double-Bit Axe
19:44 Man-at-Arms
20:11 Horse Collar
20:29 Gold Mining
31:04 Stone Mining
32:07 Fletching
34:28 Castle Age
33:22 Forging
33:12 Scale Mail Armor
33:13 Padded Archer Armor
33:19 Scale Barding Armor
35:32 Squires
36:11 Stone Shaft Mining
35:40 Heavy Plow
35:59 Hand Cart
36:22 Bow Saw
36:45 Bodkin Arrow
37:45 Long Swordsman
37:46 Pikeman
41:03 Caravan
40:59 Town Watch
41:39 Ballistics
41:30 Masonry
42:10 Anarchy
xTc
12:32 Feudal Age
17:18 Castle Age
16:01 Horse Collar
16:09 Double-Bit Axe
17:25 Stone Mining
28:57 Bow Saw
28:51 Heavy Plow
30:50 Gold Mining
33:07 Gold Shaft Mining
35:33 Imperial Age
35:48 Wheelbarrow
37:47 Two-Man Saw
37:30 Artillery
42:17 Elite Janissary
Viet Cong Soldier
1:51 Loom
13:16 Feudal Age
13:43 Double-Bit Axe
13:42 Horse Collar
19:29 Castle Age
17:30 Gold Mining
18:09 Stone Mining
19:35 Wheelbarrow
22:34 Fletching
22:58 Husbandry
23:09 Bloodlines
23:14 Scale Barding Armor
28:18 Ballistics
29:46 Heavy Plow
36:58 Imperial Age
34:45 Hand Cart
34:15 Town Watch
35:34 Bodkin Arrow
36:00 Chain Barding Armor
36:31 Elite Skirmisher
37:42 Town Patrol
38:11 Elite Skirmisher
39:18 Parthian Tactics
39:01 Thumb Ring
39:33 Bracer
40:09 Plate Barding Armor
39:36 Scale Mail Armor
39:39 Padded Archer Armor
39:59 Forging
infinityishan
5:07 Loom
20:58 Feudal Age
21:27 Horse Collar
21:38 Double-Bit Axe
30:35 Wheelbarrow
KatorZ
0:28 Loom
14:04 Feudal Age
15:04 Double-Bit Axe
15:50 Horse Collar
23:48 Castle Age
26:58 Town Watch
28:08 Stone Mining
29:29 Gold Mining
31:58 Stone Shaft Mining
31:59 Gold Shaft Mining
31:37 Bow Saw
32:18 Scale Barding Armor
32:30 Forging
32:57 Heavy Plow
32:52 Light Cavalry
35:11 Wheelbarrow
38:01 Hand Cart
37:47 Town Patrol
41:56 Imperial Age
hangover
0:34 Loom
14:25 Feudal Age
20:34 Horse Collar
20:43 Double-Bit Axe
21:31 Man-at-Arms
33:15 Castle Age
35:19 Long Swordsman
35:45 Gambesons
36:00 Squires
35:45 Arson
Connection lost

Rejoining the realm…

Still unreachable

The connection could not be restored.

Session expired

The server has moved on; the page needs a fresh start.